 Dungeon Crawl Stone Soup version 0.28.0-1-gb440e238dd (webtiles) character file.

Game seed: 7152145824213332013

1864 graymark the Thaumaturge (level 8, 0/41 HPs)
             Began as a Deep Elf Conjurer on Feb 22, 2022.
             Killed from afar by a gargoyle (27 damage)
             ... with a stone arrow
             ... on level 6 of the Dungeon.
             The game lasted 00:23:39 (6799 turns).

graymark the Thaumaturge (Deep Elf Conjurer)        Turns: 6799, Time: 00:23:39

Health: 0/41       AC:  3    Str:  4    XL:     8   Next: 90%
Magic:  11/22      EV: 13    Int: 26    God:
Gold:   219        SH:  0    Dex: 13    Spells: 9/23 levels left

rFire   . . .      SeeInvis .   p - +2 dagger (speed)
rCold   . . .      Faith    .   (no shield)
rNeg    . . .      Spirit   .   a - +0 robe
rPois   .          Reflect  .   (no helmet)
rElec   .          Harm     .   d - +0 cloak
rCorr   .          Rampage  .   (no gloves)
Will    .....                   (no boots)
Stlth   +++.......              (no amulet)
HPRegen 0.13/turn               (no ring)
MPRegen 0.18/turn               (no ring)

@: no status effects
A: no striking features
a: no special abilities


You were on level 6 of the Dungeon.
You visited 2 branches of the dungeon, and saw 7 of its levels.

You collected 219 gold pieces.

Inventory:

Hand Weapons
 p - a +2 dagger of speed (weapon)
Missiles
 l - 5 boomerangs
Armour
 a - a +0 robe (worn)
 d - a +0 cloak (worn)
Scrolls
 e - a scroll of enchant armour {unknown}
 f - 2 scrolls of enchant weapon {unknown}
 g - a scroll of silence {unknown}
 h - a scroll of vulnerability {unknown}
 j - 2 scrolls of teleportation {unknown}
 m - a scroll of blinking {unknown}
 n - a scroll of immolation {unknown}
 o - 2 scrolls of summoning {unknown}
 t - a scroll of magic mapping {unknown}
Potions
 b - 2 potions of heal wounds
 c - 4 potions of curing
 i - 3 potions of attraction
 k - a potion of haste {unknown}
 q - a potion of flight {unknown}
 r - a potion of mutation {unknown}
 s - a potion of degeneration {unknown}
 u - a potion of lignification {unknown}
 v - a potion of resistance {unknown}


   Skills:
 + Level 3.2 Dodging
 - Level 7.4 Stealth
 + Level 8.0 Spellcasting
 - Level 7.7 Conjurations
 - Level 7.0 Hexes
 * Level 1.7 Translocations


You had 9 spell levels left.
You knew the following spells:

 Your Spells              Type           Power      Damage    Failure   Level
a - Magic Dart            Conj           100%       1d8       1%          1
b - Searing Ray           Conj           100%       2d8       1%          2
c - Dazzling Flash        Conj/Hex       98%        N/A       1%          3
d - Fulminant Prism       Conj/Hex       24%        3d13      2%          4
e - Iskenderun's Mystic   Conj/Tloc      35%        2d8       8%          4

Your spell library contained the following spells:

 Spells                   Type           Power      Damage    Failure   Level
 Beastly Appendage        Tmut           20%        N/A       5%          1
 Corpse Rot               Necr/Air       20%        N/A       9%          2
 Wereblood                Tmut           10%        N/A       9%          2
 Spider Form              Tmut/Pois      10%        N/A       17%         3
 Excruciating Wounds      Necr           5%         N/A       83%         5
 Death Channel            Necr           5%         N/A       100%        6


Dungeon Overview and Level Annotations

Branches:
Dungeon (6/15)             Temple (1/1) D:4

Altars:
Ashenzari
Cheibriados
Dithmenos
Elyvilon
Fedhas
Gozag
Kikubaaqudgha
Makhleb
Nemelex Xobeh
Okawaru
Qazlal
Ru
Sif Muna
Trog
Vehumet
Wu Jian
Xom
Yredelemnul
Zin

Annotations:
D:3 4 transporters


Message History

Casting: Magic Dart (safe; 1% risk of failure)
Confirm with . or Enter, or press ? or * to list all spells.
Aiming: Fulminant Prism (dangerous; 2% risk of failure)
Press: ? - help, Dir - move target You conjure a prism of explosive energy!
A fulminant prism comes into view.
The gargoyle hurls a stone arrow at you.
The stone arrow hits you!
Casting: Fulminant Prism (dangerous; 2% risk of failure)
Confirm with . or Enter, or press ? or * to list all spells.
Aiming: Searing Ray (safe; 1% risk of failure)
Press: ? - help, Shift-Dir - straight line, f - gargoyle
Aim: a gargoyle, wielding a +0 mace (ally target, 92% to hit)
The searing ray hits the gargoyle but does no damage. (Press . to maintain the ray.)
Your fulminant prism crackles loudly.
Casting: Searing Ray (safe; 1% risk of failure)
Confirm with . or Enter, or press ? or * to list all spells.
Restarting spell: Searing Ray (safe; 1% risk of failure)
Press: ? - help, Shift-Dir - straight line, f/p - gargoyle
Aim: a gargoyle, wielding a +0 mace (ally target, 92% to hit)
The searing ray hits the gargoyle.
The gargoyle is lightly damaged. (Press . to maintain the ray.)
The gargoyle hurls a stone arrow at you.
The stone arrow misses you.
Your fulminant prism explodes!
The blast of energy engulfs the gargoyle!
The gargoyle is heavily damaged.
You hear a shout!
Casting: Searing Ray (safe; 1% risk of failure)
Confirm with . or Enter, or press ? or * to list all spells.
Aiming: Fulminant Prism (dangerous; 2% risk of failure)
Press: ? - help, Dir - move target, p - gargoyle You conjure a prism of explosive energy!
A fulminant prism comes into view.
The gargoyle hurls a stone arrow at you.
The stone arrow hits you!!
Ouch! That really hurt!
You die...

## .## ##..###
#..... . #...#### ..
#*9###.#.# ...
#.###.##.#
....#@...###.##
.......#...##...## .
######...).#..#..#..
###...........#
###.........#
#.........#
#......[..#
#..######## ##†#


You could see a gargoyle (ally target) and a friendly fulminant prism.

Vanquished Creatures
  Grinder (D:4)
  Sigmund (D:2)
  Eustachio (D:4)
  Menkaure (D:5)
  2 black bears (D:4)
  An orc warrior (D:6)
  2 sky beasts
  An ogre (D:4)
  A centaur (D:5)
  3 scorpions
  A water moccasin skeleton (D:5)
  3 orc priests
  A bullfrog skeleton (D:4)
  Natasha (thrice) (D:3)
  2 iguanas
  A hound skeleton (D:4)
  6 adders
  A white imp (D:5)
  A worm (D:5)
  A dart slug (D:4)
  12 orcs
  10 ball pythons
  7 bats
  4 endoplasms
  A giant cockroach (D:1)
  9 goblins
  6 hobgoblins
  6 jackals
  2 frilled lizards
  9 kobolds
  6 rats
106 creatures vanquished.

Vanquished Creatures (others)
  2 fulminant prisms
2 creatures vanquished.

Grand Total: 108 creatures vanquished

Notes
Turn   | Place    | Note
-------+----------+-------------------------------------------
     0 | D:1      | graymark the Deep Elf Conjurer began the quest for the Orb.
     0 | D:1      | Reached XP level 1. HP: 10/10 MP: 6/6
   451 | D:1      | Reached XP level 2. HP: 15/15 MP: 6/8
  1446 | D:2      | Reached XP level 3. HP: 19/19 MP: 8/10
  1449 | D:2      | Learned a level 2 spell: Searing Ray
  1453 | D:2      | Learned a level 3 spell: Dazzling Flash
  1677 | D:2      | Noticed Sigmund
  1713 | D:2      | Killed Sigmund
  1714 | D:2      | Reached skill level 4 in Spellcasting
  1714 | D:2      | Reached skill level 5 in Conjurations
  1714 | D:2      | Reached XP level 4. HP: 12/24 MP: 0/12
  1714 | D:2      | Reached XP level 5. HP: 15/28 MP: 0/14
  2441 | D:3      | Found a transporter.
  2492 | D:3      | Found a radiant altar of Vehumet.
  2492 | D:3      | Noticed an ice beast
  2495 | D:3      | Noticed an ogre
  2503 | D:3      | Found a transporter.
  2516 | D:3      | Found a transporter.
  2529 | D:3      | Found a transporter.
  2562 | D:3      | Noticed Natasha
  2572 | D:3      | Killed Natasha
  2758 | D:3      | Reached skill level 5 in Spellcasting
  2758 | D:3      | Reached XP level 6. HP: 32/32 MP: 8/15
  3024 | D:3      | Learned a level 4 spell: Fulminant Prism
  3032 | D:3      | Noticed Natasha
  3040 | D:3      | Killed Natasha
  3041 | D:3      | Reached skill level 5 in Stealth
  3093 | D:3      | Noticed Natasha
  3098 | D:3      | Killed Natasha
  3610 | D:4      | Found a bloodstained altar of Trog.
  3623 | D:4      | Reached XP level 7. HP: 36/36 MP: 6/17
  3696 | D:4      | Reached skill level 6 in Spellcasting
  3910 | D:4      | Noticed Eustachio
  3955 | D:4      | Killed Eustachio
  3956 | D:4      | Reached skill level 5 in Hexes
  4157 | D:4      | Found a staircase to the Ecumenical Temple.
  4164 | Temple   | Entered the Ecumenical Temple
  4653 | D:4      | Noticed Grinder
  4665 | D:4      | Killed Grinder
  4666 | D:4      | Reached skill level 7 in Spellcasting
  4666 | D:4      | Reached XP level 8. HP: 17/41 MP: 3/20
  5416 | D:5      | Entered Level 5 of the Dungeon
  5803 | D:5      | Found a burning altar of Makhleb.
  6127 | D:5      | Found a shadowy altar of Dithmenos.
  6130 | D:5      | Found a snail-covered altar of Cheibriados.
  6133 | D:5      | Found a white marble altar of Elyvilon.
  6193 | D:5      | Found a blossoming altar of Fedhas.
  6254 | D:5      | Learned a level 4 spell: Iskenderun's Mystic Blast
  6272 | D:5      | Got Dosit's Catalogue of Evil
  6304 | D:5      | Noticed Menkaure
  6308 | D:5      | Killed Menkaure
  6309 | D:5      | Reached skill level 1 in Translocations
  6690 | D:6      | Reached skill level 8 in Spellcasting
  6794 | D:6      | Noticed a gargoyle
  6799 | D:6      | Killed from afar by a gargoyle

Illustrated notes

Levels and vault maps discovered:
D:1:      scummos_arrival_hexagon, layout_loops_corners, serial_rivers,
          chequers_serial_rivers_micro_d, chequers_serial_rivers_small_b,
          chequers_serial_rivers_large_a, chequers_serial_rivers_room_b,
          chequers_serial_rivers_small_a
D:2:      layout_loops_cross, uniq_sigmund
D:3:      gammafunk_steamed_eel, layout_basic, gammafunk_temple_overflow_arena,
          uniq_natasha
D:4:      layout_loops_ring, trog_ov_bears_minmay,
          minmay_temple_entry_statues_fountains, serial_bayou_pond_c,
          uniq_grinder, uniq_eustachio
D:5:      layout_basic, mainiacjoe_overflow_surrounded_room, bloody_makhleb,
          grunt_temple_overflow_diamond, uniq_menkaure
D:6:      layout_rooms, kennysheep_mini_moat, dancing_weapons_uskayaw,
          kb_rosetta
Temple:   minmay_temple_forest_path

Skill      XL: |  1  2  3  4  5  6  7  8 |
---------------+-------------------------+-----
Stealth        | 3 4 5 6 7 |  7.4
Spellcasting   | 4 5 7 8 |  8.0
Conjurations   | 5 6 7 |  7.7
Hexes          | 2 3 4 5 7 |  7.0
Translocations | 1 |  1.7
Dodging        | 3 |  3.2

Action                   |  1- 3 |  4- 6 |  7- 9 || total
-------------------------+-------+-------+-------++-------
Melee: Unarmed           |     2 |       |       ||     2
       Dagger            |       |     6 |     6 ||    12
 Cast: Magic Dart        |    53 |    79 |    83 ||   215
       Searing Ray       |     5 |    13 |    43 ||    61
       Dazzling Flash    |       |     1 |     1 ||     2
       Fulminant Prism   |       |       |     3 ||     3
  Use: Scroll            |       |     1 |     2 ||     3
 Stab: Invisible         |       |       |     2 ||     2
       Sleeping          |       |       |     1 ||     1
Armor: Robe              |     1 |     3 |     3 ||     7
Dodge: Dodged            |     5 |    16 |    15 ||    36
